 Dungeon Crawl Stone Soup version 0.19.0-24-gb05acd6 (webtiles) character file.

32 Firecrotchwizard the Vandal (level 3, 0/25 HPs)
             Began as a Halfling Hunter on Nov 22, 2016.
             Slain by Terence
             ... wielding a +5 morningstar of distortion
              (8 damage)
             ... on level 2 of the Dungeon.
             The game lasted 00:04:16 (1122 turns).

Firecrotchwizard the Vandal (Halfling Hunter)       Turns: 1122, Time: 00:04:16

Health: 0/25       AC:  5    Str: 13    XL:     3   Next: 45%
Magic:  3/3        EV: 15    Int:  9    God:
Gold:   33         SH:  0    Dex: 15    Spells: 0 memorised, 2 levels left

rFire  . . .     SeeInvis +     a - +1 hunting sling
rCold  . . .     Gourm    .     c - +0 leather armour
rNeg   . . .     Faith    .     (shield restricted)
rPois  .         Spirit   .     g - +0 helmet
rElec  .         Reflect  .     (no cloak)
rCorr  .         Harm     .     e - +0 pair of gloves
MR     .....                    (no boots)
Stlth  ++........               (no amulet)
                                (no ring)
                                m - ring of see invisible

@: no status effects
A: mutation resistance 1
a: no special abilities


You were on level 2 of the Dungeon.
You were not hungry.

You visited 1 branch of the dungeon, and saw 2 of its levels.

You collected 33 gold pieces.

Inventory:

Hand Weapons
 a - a +1 hunting sling (weapon)
 b - a +0 short sword
Missiles
 d - 8 sling bullets (quivered)
 o - 23 stones
Armour
 c - a +0 leather armour (worn)
 e - a +0 pair of gloves (worn)
 g - a +0 helmet (worn)
Jewellery
 m - a ring of see invisible (left hand)
Wands
 n - a wand of lightning (4/15)
Scrolls
 h - a scroll of teleportation {unknown}
 i - a scroll of remove curse
 j - a scroll of fog {unknown}
 k - a scroll of recharging {unknown}
 p - a scroll of fear {unknown}
Comestibles
 f - a bread ration
 l - 2 fruits
 q - 2 chunks of flesh


   Skills:
 * Level 2.4 Fighting
 * Level 6.6 Slings
 + Level 2.5 Dodging
 - Level 1.1 Stealth


You had 2 spell levels left.
You didn't know any spells.

Dungeon Overview and Level Annotations

Branches:
Dungeon (2/15)

Altars:

Annotations:
D:2 Terence


Innate Abilities, Weirdness & Mutations

You are small and have problems with some larger weapons.
You are somewhat resistant to further mutation.


Message History

Firing (i - inventory. (,) - cycle):
d - 11 sling bullets (quivered)
Press: ? - help, Shift-Dir - straight line, f/p - Terence
Aim: Terence, wielding a morningstar of distortion and wearing a chain mail (almost dead, unusually resistant)
You shoot a sling bullet. The sling bullet barely misses Terence.
Firing (i - inventory. (,) - cycle):
d - 10 sling bullets (quivered)
Press: ? - help, Shift-Dir - straight line, f/p - Terence
Aim: Terence, wielding a morningstar of distortion and wearing a chain mail (almost dead, unusually resistant)
You shoot a sling bullet.
The sling bullet hits Terence but does no damage.
Terence is almost dead.
Terence says, "You're history."
Terence hits you with a morningstar of distortion!
Ouch! That really hurt!
Space bends around you.
Firing (i - inventory. (,) - cycle):
d - 9 sling bullets (quivered)
Press: ? - help, Shift-Dir - straight line, f/p - Terence
Aim: Terence, wielding a morningstar of distortion and wearing a chain mail (almost dead, unusually resistant)
You shoot a sling bullet. The sling bullet barely misses Terence.
Terence hits you with a morningstar of distortion!
You die...

#.# #...(...#
#.###.......##
#.#..........#
####...........##
##.##...........#
#........(.....)#
##.##........#.##
#.###.....###.#
#.####.......@#
####............@$....#
#..............(#######
#.##............
#.##...........(
..##...........(
#.....#.........
...#.....####((.
#.....#.##


You could see Terence.

Vanquished Creatures
  A gnoll (D:1)
  A dart slug (D:2)
  A hobgoblin (D:2)
  3 kobolds (D:1)
  5 bats
  2 frilled lizards
  6 goblins
  3 rats
22 creatures vanquished.

Notes
Turn   | Place    | Note
-------+----------+-------------------------------------------
     0 | D:1      | Firecrotchwizard the Halfling Hunter began the quest for the Orb.
     0 | D:1      | Reached XP level 1. HP: 14/14 MP: 1/1
    10 | D:1      | Noticed an ogre
    61 | D:1      | Reached skill level 6 in Slings
   181 | D:1      | Reached XP level 2. HP: 18/19 MP: 2/2
   495 | D:1      | Reached XP level 3. HP: 22/24 MP: 3/3
  1113 | D:2      | Noticed Terence
  1122 | D:2      | Slain by Terence

Skill      XL: |  1  2 |
---------------+-------+-----
Slings         | 6 |  6.6
Fighting       | 2 |  2.4
Dodging        | |  2.5
Stealth        | |  1.1

Action                   || total
-------------------------++-------
Melee: Short sword       ||    38
 Fire: Hunting sling     ||    37
  Use: Scroll            ||     1
 Stab: Sleeping          ||     1
  Eat: Chunk             ||     1
Armor: Leather armour    ||    13
Dodge: Dodged            ||    34
